 Dungeon Crawl Stone Soup version 0.21.1-1-g345015f (webtiles) character file.

550 diana the Insei (level 7, -1/35 HPs)
             Began as a Vine Stalker Gladiator on May 26, 2018.
             Was an Initiate of Cheibriados.
             Succumbed to a scorpion's poison
             ... on level 5 of the Dungeon.
             The game lasted 00:14:23 (3415 turns).

diana the Insei (Vine Stalker Gladiator)            Turns: 3415, Time: 00:14:24

Health: -1/35      AC:  4    Str: 22    XL:     7   Next: 29%
Magic:  3/8        EV: 18    Int:  9    God:    Cheibriados [......]
Gold:   218        SH:  0    Dex: 24    Spells: 6/6 levels left

rFire    . . .     SeeInvis +     - Unarmed
rCold    . . .     Gourm    .   (no shield)
rNeg     . . .     Faith    +   o - +0 robe (curse)
rPois    .         Spirit   +   b - +0 helmet
rElec    .         Reflect  .   z - +0 cloak
rCorr    .         Harm     .   (no gloves)
MR       .....                  (no boots)
Stlth    ++........             f - amulet of faith
HPRegen  0.51/turn              D - ring of see invisible
MPRegen  0.11/turn              v - ring of loudness (curse)

@: mighty, agile, lethally poisoned (-1 -> -16), hasted, heavily drained, quick
A: fangs 2, regeneration 1, magic shield, antimagic bite, no potion heal 3, rot
immunity
a: Bend Time, Renounce Religion


You were on level 5 of the Dungeon.
You worshipped Cheibriados.
Cheibriados was noncommittal.
You were not hungry.

You visited 2 branches of the dungeon, and saw 6 of its levels.

You collected 218 gold pieces.

Inventory:

Missiles
 c - 4 throwing nets (quivered)
Armour
 a - a +0 leather armour
 b - a +0 helmet (worn)
 o - a cursed +0 robe (worn)
 z - a +0 cloak (worn)
Jewellery
 f - an amulet of faith (around neck)
 i - an uncursed ring of resist corrosion
 u - an uncursed ring of positive energy
 v - a cursed ring of loudness (right hand)
 D - a ring of see invisible (left hand)
Wands
 x - a wand of flame (32)
 C - a wand of polymorph (6)
Scrolls
 e - a scroll of teleportation {unknown}
 g - 3 scrolls of identify {unknown}
 h - a scroll of amnesia {unknown}
 j - 2 scrolls of random uselessness {unknown}
 l - 4 scrolls of remove curse {unknown}
 n - a scroll of noise {unknown}
 p - a scroll of enchant weapon {unknown}
 q - 2 scrolls of magic mapping {unknown}
 s - 2 scrolls of immolation {unknown}
 y - a scroll of blinking {unknown}
 A - a scroll of enchant armour {unknown}
Potions
 m - 2 potions of curing
Books
 w - a book of Minor Magic

   Spells                             Type                      Level
   a - Magic Dart                     Conjuration                  1
   b - Blink                          Translocation                2
   c - Call Imp                       Summoning                    2
   d - Slow                           Hexes                        2
   e - Conjure Flame                  Conjuration/Fire             3
   f - Mephitic Cloud                 Conjuration/Poison/Air       3
Comestibles
 d - 9 rations


   Skills:
 + Level 2.9(1.2) Fighting
 + Level 1.9(0.3) Throwing
 + Level 1.1(0.0) Armour
 + Level 3.9(2.2) Dodging
 + Level 2.5(0.9) Stealth
 + Level 6.0(4.2) Unarmed Combat


You had 6 spell levels left.
You didn't know any spells.

Dungeon Overview and Level Annotations

Branches:
Dungeon (5/15)             Temple (1/1) D:5

Altars:
Ashenzari
Cheibriados
Dithmenos
Elyvilon
Gozag
Hepliaklqana
Kikubaaqudgha
Makhleb
Okawaru
Ru
Sif Muna
Trog
Uskayaw
Wu Jian
Yredelemnul

Annotations:
D:3 diana's ghost, amateur VSFi
D:4 Dowan; Duvessa; bmj180's ghost, amateur MiFi


Innate Abilities, Weirdness & Mutations

You have extremely sharp teeth.
Your natural rate of healing is unusually fast.
When hurt, damage is shared between your health and your magic reserves.
Your bite disrupts and absorbs the magic of your enemies.
Potions cannot restore your health.
You are immune to rotting.


Message History

The scorpion is almost dead.
* * * LOW HITPOINT WARNING * * *
You feel sick.
You hit the scorpion.
You kill the scorpion!
Cheibriados appreciates the change of pace.
Your base Unarmed Combat skill increases to level 6!
* * * LOW HITPOINT WARNING * * *
You feel very sick.
It was a potion of might.
You feel very mighty all of a sudden.
* * * LOW HITPOINT WARNING * * *
You feel sick.
It was a potion of haste.
You feel yourself speed up.
Cheibriados forgives your accidental hurry, just this once.
* * * LOW HITPOINT WARNING * * *
You feel sick.
It was a potion of agility.
You feel agile all of a sudden.
You die...

...............#..# #..# #.....
..................## #..# ......
...........#.......###..# ...##..
.<...........###..........######.
............#..#........## .
..............#..### . .
.................# ...
..............#..##...#
...........##.##@...#
.........#####..#...# .........#
#.##.#....# .....#.... .. .......
.........?.# ###.. . #


There were no monsters in sight!

Vanquished Creatures
  A sky beast (D:5)
  A scorpion (D:5)
  A gnoll shaman (D:5)
  2 orc wizards
  Ijyb (D:3)
  An iguana (D:5)
  3 worker ants
  5 gnolls
  5 adders
  An ooze (D:2)
  2 worms (D:2)
  2 dart slugs
  5 leopard geckos
  11 orcs
  4 bats
  6 giant cockroaches
  13 goblins
  4 hobgoblins
  9 kobolds
  A quokka (D:2)
  2 frilled lizards (D:2)
  A giant cockroach zombie (D:5)
  5 rats
  A plant (D:5)
87 creatures vanquished.

Vanquished Creatures (others)
  An adder skeleton (D:5)
  A frilled lizard (D:5)
2 creatures vanquished.

Grand Total: 89 creatures vanquished

Notes
Turn   | Place    | Note
-------+----------+-------------------------------------------
     0 | D:1      | diana the Vine Stalker Gladiator began the quest for the Orb.
     0 | D:1      | Reached XP level 1. HP: 11/11 MP: 2/2
   130 | D:1      | Reached XP level 2. HP: 10/15 MP: 3/3
   902 | D:2      | Reached XP level 3. HP: 18/18 MP: 4/4
   977 | D:2      | Found a hazy altar of Hepliaklqana.
  1086 | D:2      | Gained mutation: Your natural rate of healing is unusually fast. [Vine Stalker growth]
  1086 | D:2      | Reached XP level 4. HP: 15/23 MP: 3/5
  1157 | D:2      | Reached skill level 1 in Stealth
  1566 | D:3      | Reached skill level 1 in Armour
  1623 | D:3      | Reached skill level 4 in Unarmed Combat
  1623 | D:3      | Reached XP level 5. HP: 18/27 MP: 6/6
  1694 | D:3      | Found an opulent altar of Gozag.
  1754 | D:3      | Noticed diana's ghost (amateur VSFi)
  2095 | D:4      | Noticed Duvessa
  2095 | D:4      | Noticed Dowan
  2252 | D:4      | Noticed bmj180's ghost (amateur MiFi)
  2419 | D:3      | Noticed Ijyb
  2480 | D:3      | Killed Ijyb
  2480 | D:3      | Reached XP level 6. HP: 20/32 MP: 7/7
  2524 | D:3      | Found a shadowy altar of Dithmenos.
  2752 | D:5      | Entered Level 5 of the Dungeon
  2752 | D:5      | Noticed a sky beast
  2777 | D:5      | Reached skill level 5 in Unarmed Combat
  2789 | D:5      | Killed a sky beast
  3007 | D:5      | Found a staircase to the Ecumenical Temple.
  3017 | Temple   | Entered the Ecumenical Temple
  3160 | Temple   | Became a worshipper of Cheibriados the Contemplative
  3217 | Temple   | Reached XP level 7. HP: 31/35 MP: 8/8
  3412 | D:5      | Reached skill level 6 in Unarmed Combat
  3414 | D:5      | HP: 1/35 [poisoned by a scorpion]
  3415 | D:5      | Succumbed to a scorpion's poison

Skill      XL: |  1  2  3  4  5  6  7 |
---------------+----------------------+-----
Fighting       | 2 |  2.9
Stealth        | 1 2 |  2.5
Armour         | 1 |  1.1
Dodging        | 3 |  3.9
Unarmed Combat | 4 5 6 |  6.0
Throwing       | |  1.9

Action                   |  1- 3 |  4- 6 |  7- 9 || total
-------------------------+-------+-------+-------++-------
Melee: Unarmed           |    83 |   258 |    83 ||   424
       Bite              |    23 |    80 |    46 ||   149
       Punch             |     2 |     3 |     2 ||     7
  Use: Potion            |       |     3 |     3 ||     6
 Stab: Sleeping          |     1 |     4 |       ||     5
  Eat: Chunk             |       |     6 |       ||     6
       Ration            |       |       |     1 ||     1
Armor: Leather armour    |    25 |     4 |       ||    29
       Robe              |       |    25 |    21 ||    46
       Skin              |       |     4 |       ||     4
Dodge: Dodged            |    42 |   150 |    43 ||   235
